 Dungeon Crawl Stone Soup version 0.31-a0-614-gc85dc1c48c (webtiles) character file.

Game seed: 8132152679908011536

34 CrazyBamboolord the Changeling (level 3, -4/23 HPs)
             Began as an Octopode Shapeshifter on Aug 22, 2023.
             Slain by Natasha (5 damage)
             ... on level 3 of the Dungeon.
             The game lasted 00:01:28 (1571 turns).

CrazyBamboolord the Changeling (OpSh)               Turns: 1571, Time: 00:01:29

Health: -4/23      AC:  1    Str: 16    XL:     3   Next: 31%
Magic:  3/3        EV: 13    Int: 10    God:
Gold:   66         SH:  0    Dex: 12    Spells: 2/2 levels left

rFire   . .          .
                       - Unarmed
rCold   . . .        (no shield)
rNeg    . . .        (helmet currently unavailable)
rPois   .            (no amulet)
rElec   .            (no ring)
rCorr   .            (no ring)
SInv    .            (no ring)
Will    .....        (no ring)
Stlth   ++           (no ring)
HPRegen 0.23/turn    (no ring)
MPRegen 0.08/turn    (no ring)
                     (no ring)

%: no passive effects
@: lethally poisoned (-4 -> -6), beast-form, attractive
A: beast (slay +2), almost no armour, amphibious, 8 rings, camouflage 1,
gelatinous body 1, (nimble swimmer 1), tentacles
a: Begin Untransformation


You were on level 3 of the Dungeon.
You were a hulking beast.
You visited 1 branch of the dungeon, and saw 3 of its levels.

You collected 66 gold pieces.

Inventory:

Armour
 i - an orb of guile
Talismans
 b - a beast talisman (active)
 c - a flux talisman
Wands
 o - a wand of mindburst (7)
Scrolls
 e - a scroll of fog
 h - a scroll of vulnerability {unknown}
 l - a scroll of acquirement {unknown}
 n - a scroll of teleportation {unknown}
Potions
 a - 2 potions of lignification
 f - a potion of degeneration
 k - 2 potions of enlightenment


   Skills:
 - Level 1.0 Fighting
 - Level 2.0 Dodging
 - Level 3.0 Unarmed Combat
 + Level 4.0 Shapeshifting


You had 2 spell levels left.
You didn't know any spells.
Your spell library contained the following spells:

 Spells                   Type           Power      Damage    Failure   Level
 Sublimation of Blood     Necr           0%         N/A       50%         2
 Wereblood                Tmut           0%         N/A       50%         2
 Summon Hydra             Summ           0%         N/A       100%        7


Dungeon Overview and Level Annotations

Branches:
Dungeon (3/15)

Altars:
Qazlal
Xom

Annotations:
D:3 Natasha


Innate Abilities, Weirdness & Mutations

You are a hulking beast.
Your limbs bulge with bestial killing power. (Slay +2)
You cannot wear most types of armour.
You are amphibious.
You can wear up to eight rings at the same time.
Your skin changes colour to match your surroundings (Stealth+).
Your rubbery body absorbs attacks. (AC +1, EV +1)
((You are camouflaged when in or above water. (Stealth+)))
You have tentacles for arms and can constrict up to eight enemies at once.


Message History

You constrict the hobgoblin. The hobgoblin closely misses you.
You tentacle-slap the hobgoblin but do no damage.
The hobgoblin is almost dead.
You constrict the hobgoblin.
You kill the hobgoblin!
The cerulean imp hits you from afar with a +0 spear.
Your Shapeshifting skill increases to level 4!
The adder bites you.
The cerulean imp hits you from afar with a +0 spear.
The cerulean imp attacks as it pursues you!
The cerulean imp hits you from afar with a +0 spear.
* * * LOW HITPOINT WARNING * * *
It was a potion of cancellation.
You feel magically purged. The adder bites you but does no damage.
The cerulean imp hits you from afar with a +0 spear.
* * * LOW HITPOINT WARNING * * *
It was a potion of curing.
You feel better. The adder misses you.
Natasha mumbles some strange words.
The cerulean imp closely misses you. The adder bites you.
You are poisoned.
The adder poisons you!
It was a potion of attraction.
You feel attractive to monsters.
* * * LOW HITPOINT WARNING * * *
You feel sick. Natasha claws you but does no damage. The adder misses you.
The cerulean imp completely misses you. The cerulean imp misses you.
Okay, then.
You miss the adder. You grab the adder. You squeeze the adder!
The adder is heavily wounded.
You constrict the adder.
* * * LOW HITPOINT WARNING * * *
You feel sick. Natasha closely misses you. The adder barely misses you.
The cerulean imp hits you from afar with a +0 spear.
* * * LOW HITPOINT WARNING * * *
You tentacle-slap the adder.
You kill the adder!
* * * LOW HITPOINT WARNING * * *
You feel sick. The cerulean imp misses you. Natasha claws you.
You die...
Natasha curls up and begins to purr.

≈>_≈≈≈...#
..≈§⌠≈#....#
.≈§≈≈≈#....##
.#§###§§§...####
§≈≈≈≈§§........#
.§§≈§≈.....###...
..........########
#.........).......
......†.5gh.#####
........)h.5......
.........#.##...#.
.........#.# ##.#
.........#.# #
.........#.#
#.......##..
.........###
.........


You could see Natasha, 2 cerulean imps and a hobgoblin.

Vanquished Creatures
  2 adders
  2 endoplasms
  2 giant cockroaches (D:1)
  2 goblins (D:1)
  4 hobgoblins
  2 kobolds
  2 quokkas
  A ball python (D:2)
  3 bats
  A frilled lizard (D:1)
  5 rats
26 creatures vanquished.

Notes
Turn   | Place    | Note
-------+----------+-------------------------------------------
     0 | D:1      | CrazyBamboolord the Octopode Shapeshifter began the quest
                  | for the Orb.
     0 | D:1      | Reached XP level 1. HP: 13/13 MP: 1/1
    64 | D:1      | Reached XP level 2. HP: 18/18 MP: 2/2
   813 | D:2      | Found a shimmering altar of Xom.
   838 | D:2      | Reached XP level 3. HP: 20/23 MP: 3/3
  1270 | D:2      | Found a faded altar of an unknown god.
  1540 | D:3      | Found a stormy altar of Qazlal.
  1559 | D:3      | Noticed Natasha
  1564 | D:3      | Reached skill level 4 in Shapeshifting
  1571 | D:3      | HP: 1/23 [poisoned by an adder]
  1571 | D:3      | Slain by Natasha

Illustrated notes

Levels and vault maps discovered:
D:1:      roderic_chinese_lattice_arrival, layout_basic, solitary_fountain,
          roderic_roman_lattice, minmay_pentomino_q4
D:2:      layout_basic, basic_altar,
          dreamdust_ecumenical_altar_angels_and_demons
D:3:      layout_rooms, nicolae_qazlal_general_emergency,
          nicolae_shop_vocational, uniq_natasha

Skill      XL: |  1  2  3 |
---------------+----------+-----
Shapeshifting  | 4 |  4.0
Fighting       | |  1.0
Dodging        | |  2.0
Unarmed Combat | |  3.0

Action                     || total
---------------------------++-------
  Melee: Unarmed           ||    44
         Constrict         ||    16
         Tentacles         ||     8
    Use: Scroll            ||     3
         Potion            ||     3
   Stab: Sleeping          ||     5
 Armour: Skin              ||     4
  Dodge: Dodged            ||    30

Table legend: (Time is in decaauts)
 A = Elapsed time spent in this place.
 B = Non-inter-level travel time spent in this place.
 C = Inter-level travel time spent in this place.
 D = Time resting spent in this place.
 E = Time spent auto-exploring this place.
 F = Levels seen in this place.
 G = Mean time per level.
                   A        B        C        D        E       F      G
               +--------+--------+--------+--------+--------+-----+--------+
         Total |   1569 |   1455 |    114 |      0 |   1266 |   3 |  523.0 |
       Dungeon |   1569 |   1455 |    114 |      0 |   1266 |   3 |  523.0 |
               +--------+--------+--------+--------+--------+-----+--------+

Top non-repeatable levels by time:
     D:2: 774 daAuts
     D:1: 754 daAuts
     D:3: 40 daAuts
